 Dungeon Crawl Stone Soup version 0.19-a0-1365-gb34f4cb (webtiles) character file.

38 beholder the Sneak (level 3, 18/18 HPs)
             Began as a Spriggan Assassin on Sept 2, 2016.
             Was a Follower of Qazlal.
             Got out of the dungeon alive.
             The game lasted 00:05:54 (951 turns).

beholder the Sneak (Spriggan Assassin)               Turns: 951, Time: 00:05:54

Health: 18/18      AC:  3    Str:  7    XL:     3   Next: 25%
Magic:  4/4        EV: 18    Int: 13    God:    Qazlal [*.....]
Gold:   75         SH:  1    Dex: 17    Spells: 0 memorised, 2 levels left

rFire  . . .     SeeInvis +     a - +2 dagger
rCold  . . .     Gourm    .     c - +0 robe
rNeg   . . .     Faith    .     (shield restricted)
rPois  .         Spirit   .     (helmet restricted)
rElec  .         Dismiss  .     d - +0 cloak
rCorr  .         Reflect  .     (gloves unavailable)
MR     .....     Harm     .     (boots unavailable)
Stlth  ++++......               (no amulet)
                                (no ring)
                                (no ring)

@: very quick
A: unfitting armour, see invisible, herbivore 3, speed 3, slow metabolism 2
a: Renounce Religion


You escaped.
You worshipped Qazlal.
Qazlal was aware of your devotion.
You were not hungry.

You visited 1 branch of the dungeon, and saw 2 of its levels.

You collected 75 gold pieces.

Inventory:

Hand Weapons
 a - a +2 dagger (weapon)
 b - a +0 blowgun
Missiles
 e - 8 poisoned needles
 f - 2 curare-tipped needles
Armour
 c - a +0 robe (worn)
 d - a +0 cloak (worn)
Scrolls
 j - 2 scrolls of teleportation {unknown}
 l - a scroll of random uselessness {unknown}
 m - 3 scrolls of remove curse {unknown}
 o - a scroll of blinking {unknown}
Potions
 h - a potion of flight {unknown}
 i - a potion of berserk rage {unknown}
 k - a potion of lignification {unknown}
 n - a potion of haste {unknown}
 p - a potion of magic {unknown}
Comestibles
 g - a bread ration


   Skills:
 - Level 2.0 Fighting
 + Level 2.7 Short Blades
 + Level 2.0 Throwing
 + Level 2.7 Dodging
 + Level 6.4 Stealth


You had 2 spell levels left.
You didn't know any spells.

Dungeon Overview and Level Annotations

Branches:
Dungeon (2/15)

Altars:
Qazlal


Innate Abilities, Weirdness & Mutations

You are tiny and cannot use many weapons and most armour.
You have supernaturally acute eyesight. (SInv)
You are a herbivore.
You cover ground extremely quickly.
You need consume almost no food.


Message History

Qazlal grants you immunity to your own clouds.
You are surrounded by a storm.
(D) Dungeon
Where to? (? - help)
You see here 20 stones.
You see here a scale mail.
You open the door.
There is an open door here.
You see here a jackal corpse.
Things that are here:
a giant newt corpse; a jackal corpse You see here 21 bolts.
There is a stone staircase leading up here.
You climb upwards.
There is a stone staircase leading down here.
There is an open door here.
There is a large open door here.
There is a staircase leading out of the dungeon here.
Are you sure you want to leave the Dungeon?
This will make you lose the game!
You have escaped!

#.# ##..#######§§≈.#...#.#
#.# #..## ###≈§.....##.#
#.#
##.#######⌠#≈.......#.#
#.#
##..###≈.'..#........#.#
#.#
#..###≈§.#..#..#..#..#.#
#.#
#.####§§.####.#..#...#.#
#.#
#.#≈§#§§..#......#...#.#
#.#
#.'.§#§§§.'.....≈≈...#.#
#.#
#.'.≈#≈@..'..#.##....#.#
#.#
#.#§≈#≈...#.......#..#.#
#.#
#.####≈≈.####....#≈..#.#
#.#
#..###≈§.#..#..#.#...#.#
#.#
##...###≈.'..#....≈.#.#.#
#.#
#....#######⌠#≈.....#.#.#
#.# ##.##..##
###≈§......#.# #.#
#..###..#######≈≈≈..#....#
#.# ##.##
##......###≈§§...#..#


There were no monsters in sight!

Vanquished Creatures
  A gnoll (D:1)
  2 oozes (D:1)
  A dart slug (D:1)
  A giant cockroach (D:2)
  3 goblins
  3 jackals (D:2)
  2 bats
  2 giant newts
  3 kobolds (D:1)
18 creatures vanquished.

Notes
Turn   | Place    | Note
-------+----------+-------------------------------------------
     0 | D:1      | beholder the Spriggan Assassin began the quest for the Orb.
     0 | D:1      | Reached XP level 1. HP: 10/10 MP: 2/2
    70 | D:1      | Reached skill level 6 in Stealth
   133 | D:1      | Reached XP level 2. HP: 13/15 MP: 3/3
   577 | D:1      | Reached XP level 3. HP: 10/18 MP: 4/4
   832 | D:2      | Found a faded altar of an unknown god.
   855 | D:2      | Became a worshipper of Qazlal Stormbringer
   855 | D:2      | Reached * piety under Qazlal
   951 | D:$      | Got out of the dungeon alive.

Vault maps used:
D:1:      denvon_arrival_hothouse, minivault_25
D:2:      marbit_many_paths, ecumenical_altar_2

Skill      XL: |  1  2 |
---------------+-------+-----
Stealth        | 6 |  6.4
Dodging        | 2 |  2.7
Fighting       | 2 |  2.0
Short Blades   | |  2.7
Throwing       | |  2.0

Action                   || total
-------------------------++-------
Melee: Dagger            ||    47
 Fire: Blowgun           ||    11
 Stab: Sleeping          ||     7
Armor: Robe              ||     1
Dodge: Dodged            ||    34
